 Dungeon Crawl Stone Soup version 0.30-a0-691-g754fce4c43 (webtiles) character file.

Game seed: 4796974989154390958

28797 pokeman the Eclecticist (level 13, -14/70 HPs)
             Began as a Deep Elf Hedge Wizard on Jan 20, 2023.
             Was a High Priest of Vehumet.
             Demolished by an enormous slime creature (31 damage)
             ... on level 14 of the Dungeon.
             The game lasted 00:50:22 (17119 turns).

pokeman the Eclecticist (Deep Elf Hedge Wizard)    Turns: 17119, Time: 00:50:22

Health: -14/70     AC: 16    Str:  7    XL:     13   Next: 11%
Magic:  13/37      EV: 12    Int: 25    God:    Vehumet [*****.]
Gold:   2653       SH:  0    Dex: 14    Spells: 33/48 levels left

rFire   . . .      SeeInvis .    f - +6 arbalest "Damnation" {damnation}
rCold   + . .      Faith    .    (shield currently unavailable)
rNeg    . . .      Spirit   .    M - +2 leather armour {rC+}
rPois   .          Reflect  .    c - +0 hat
rElec   .          Harm     .    p - +0 cloak
rCorr   .          Rampage  .    l - +0 pair of gloves
Will    +....                    (no boots)
Stlth   ++                       (no amulet)
HPRegen 0.31/turn                h - +4 ring of protection
MPRegen 0.25/turn                D - +4 ring of protection

@: about to teleport
A: no striking features
a: Renounce Religion


You were on level 14 of the Dungeon.
You worshipped Vehumet.
Vehumet was extremely pleased with you.
You visited 2 branches of the dungeon, and saw 15 of its levels.

You collected 2653 gold pieces.

Inventory:

Hand Weapons
 b - a +3 war axe of venom
 f - the +6 arbalest "Damnation" (weapon) {damnation}
   (You found it on level 14 of the Dungeon)
Missiles
 r - 16 curare-tipped darts
Armour
 c - a +0 hat (worn)
 l - a +0 pair of gloves (worn)
 p - a +0 cloak (worn)
 M - a +2 leather armour of cold resistance (worn)
Magical Staves
 x - a staff of fire
Jewellery
 h - a +4 ring of protection (left hand)
 D - a +4 ring of protection (right hand)
 W - a ring of protection from cold
Wands
 E - a wand of digging (20)
 I - a wand of quicksilver (3)
Scrolls
 a - a scroll of magic mapping
 g - 5 scrolls of teleportation
 t - 2 scrolls of blinking
 R - a scroll of noise
Potions
 d - 3 potions of magic
 e - 3 potions of curing
 s - 2 potions of heal wounds
 w - 3 potions of attraction {unknown}
 z - a potion of cancellation {unknown}
 B - a potion of haste {unknown}
 L - a potion of ambrosia {unknown}
 N - a potion of might {unknown}
 X - a potion of berserk rage {unknown}
 Y - a potion of degeneration {unknown}
Miscellaneous
 Z - a tin of tremorstones (2/2)


   Skills:
 + Level 4.0 Fighting
 - Level 6.0 Armour
 - Level 3.0 Dodging
 - Level 3.0 Stealth
 - Level 3.0 Shields
 * Level 18.2 Spellcasting
 + Level 10.8 Conjurations
 - Level 6.1 Summonings
 - Level 2.0 Necromancy
 - Level 1.1 Translocations
 + Level 9.7 Fire Magic
 - Level 1.0 Air Magic
 - Level 1.0 Poison Magic
 - Level 2.1 Evocations


You had 33 spell levels left.
You knew the following spells:

 Your Spells              Type           Power      Damage    Failure   Level
a - Magic Dart            Conj           100%       1d8       1%          1
b - Mephitic Cloud        Conj/Pois/Air  44%        N/A       1%          3
c - Call Imp              Summ           52%        N/A       1%          2
d - Blink                 Tloc           56%        N/A       3%          2
e - Airstrike             Air            13%        2d(2-18)  5%          4
f - Stone Arrow           Conj/Erth      98%        3d13      1%          3

Your spell library contained the following spells:

 Spells                   Type           Power      Damage    Failure   Level
 Lightning Bolt           Conj/Air       25%        1d41      2%          5
 Apportation              Tloc           56%        N/A       1%          1
 Poisonous Vapours        Pois/Air       54%        N/A       1%          2
 Ignite Poison            Fire/Tmut/Pois 40%        N/A       1%          3
 Sticky Flame             Conj/Fire      65%        2d8       1%          4
 Cigotuvi's Dreadful Rot  Necr/Pois/Air  58%        N/A       2%          2
 Beastly Appendage        Tmut           44%        N/A       3%          1
 Slow                     Hex            88%        N/A       3%          1
 Lesser Beckoning         Tloc           56%        N/A       3%          2
 Gell's Gravitas          Tloc           28%        N/A       6%          3
 Teleport Other           Tloc           28%        N/A       6%          3
 Petrify                  Tmut/Erth      22%        N/A       30%         4
 Alistair's Intoxication  Tmut/Pois      16%        N/A       56%         5
 Blade Hands              Tmut           11%        N/A       63%         5
 Metabolic Englaciation   Hex/Ice        11%        N/A       63%         5
 Ignition                 Fire           31%        3d10      63%         8
 Eringya's Noxious Bog    Tmut/Pois      12%        N/A       65%         6
 Statue Form              Tmut/Erth      14%        N/A       99%         6
 Storm Form               Tmut/Air       12%        N/A       100%        7


Dungeon Overview and Level Annotations

Branches:
Dungeon (14/15)            Temple (1/1) D:5            Lair (0/5) D:11
    Orc (0/2) D:10         Vaults (0/5) D:14

Altars:
Ashenzari
Cheibriados
Dithmenos
Elyvilon
Fedhas
Gozag
Hepliaklqana
Kikubaaqudgha
Makhleb
Nemelex Xobeh
Okawaru
Qazlal
Ru
Sif Muna
Trog
Uskayaw
Vehumet
Wu Jian
Xom
Yredelemnul
Zin
The Shining One

Shops:
D:3 (*   D:7 =

Annotations:
D:8 2 transporters
D:9 2 transporters, themarg's ghost, journeyman GnTm


Message History

The boulder beetle is severely wounded.
The damnation bolt explodes!
The damnation engulfs the boulder beetle!!
The boulder beetle is almost dead.
The damnation engulfs the slime creature.
The slime creature is almost dead.
The boulder beetle hits you!!
The boulder beetle stops rolling and uncurls.
A slime creature comes into view. x2
The slime creature hits you!
Casting: Stone Arrow (safe; 1% risk of failure)
Confirm with . or Enter, or press ? or * to list all spells.
You blink.
A slime creature comes into view.
Two slime creatures merge to form a large slime creature.
The boulder beetle curls into a ball and begins rolling!
The slime creature moves out of view.
Unknown command.
The slime creature attacks as you move away!
The slime creature hits you but does no damage.
A large slime creature splits.
Two slime creatures merge to form a large slime creature.
The boulder beetle stops rolling and uncurls.
Two slime creatures merge to form a large slime creature.
As you read the scroll of teleportation, it crumbles to dust.
You feel strangely unstable.
You feel stable enough to blink again.
The large slime creature hits you but does no damage.
The large slime creature attacks as you move away!
The large slime creature hits you!!
* * * LOW HITPOINT WARNING * * *
Casting: Blink (safe; 3% risk of failure)
Confirm with . or Enter, or press ? or * to list all spells.
A shadowy apparition takes form in the air.
Two slime creatures merge to form an enormous slime creature.
The boulder beetle leaps!
Unknown command.
The enormous slime creature attacks as you move away!
The enormous slime creature hits you!!
You die...

####.##### .........#
####.###.# # #.# #.# #
#.# #.# # #.# #.# #
#.###.########### #
#.#.........#...# #
####.#.#.#####.#@#.##.#.
....?#.#.#####.#J#......
#...##.#.....#.#.5....#
....##.#####~#.#○.....#
#.####.####~~~.#.##.#.#
..........~~~~~#.##.#.#
.........~~~~~~~.~°....
.......###~~~~~#~~~~..#
.##########~~~.~~~~~~.#


You could see an enormous slime creature (ally target) and a friendly shadow imp
(summoned).

Vanquished Creatures
  Snorg (D:10)
  An ogre mage (D:14)
  A centaur warrior (D:13)
  A boulder beetle (D:12)
  6 two-headed ogres
  A skeletal warrior (D:14)
  Lodul (D:11)
  An orc knight (D:14)
  Pikel (D:8)
  2 ugly things
  A manticore (D:12)
  2 cyclopes
  A guardian serpent (D:13)
  Joseph (D:7)
  2 gargoyles
  2 unseen horrors (D:10)
  A rime drake (D:11)
  3 centaur skeletons (D:14)
  4 yaktaurs (D:14)
  5 trolls
  13 slime creatures
  2 shadows (D:10)
  A water elemental (D:14)
  A human (D:10)
  14 yaks
  A wyvern (D:10)
  2 wraiths
  Grum (D:8)
  Eustachio (D:5)
  A steam dragon (D:9)
  3 water moccasins
  2 acid dragons
  14 ice beasts
  5 orc warriors
  2 sky beasts
  11 ogres
  7 wolves
  3 centaurs
  A lemure (D:8)
  A kobold brigand (D:10)
  Blork the orc (D:4)
  4 bullfrogs
  2 necrophages
  5 scorpions
  4 wights (D:7)
  19 killer bees
  4 howler monkeys
  2 jellies
  6 orc priests
  4 hounds
  4 iguanas
  12 orc wizards
  A boggart skeleton (D:14)
  3 adders
  3 worms
  A dart slug (D:3)
  29 orcs
  9 ball pythons
  9 endoplasms
  3 giant cockroaches (D:1)
  9 goblins
  3 hobgoblins
  10 kobolds
  5 quokkas
  6 bats
  5 frilled lizards
  A goblin zombie (D:10)
  A jackal skeleton (D:10)
  4 rats
293 creatures vanquished.

Vanquished Creatures (collateral kills)
  Erica (D:10)
  A komodo dragon (D:9)
  A yak (D:10)
  A wight (D:7)
  A killer bee (D:9)
  An adder (D:3)
  4 orcs
10 creatures vanquished.

Vanquished Creatures (others)
  A killer bee (D:9)
1 creature vanquished.

Grand Total: 304 creatures vanquished

Notes
Turn   | Place    | Note
-------+----------+-------------------------------------------
     0 | D:1      | pokeman the Deep Elf Hedge Wizard began the quest for the
                  | Orb.
     0 | D:1      | Reached XP level 1. HP: 10/10 MP: 7/7
   290 | D:1      | Found a faded altar of an unknown god.
   308 | D:1      | Reached XP level 2. HP: 15/15 MP: 4/9
   763 | D:1      | Reached skill level 5 in Spellcasting
  1224 | D:2      | Reached XP level 3. HP: 20/20 MP: 6/11
  1228 | D:2      | Learned a level 3 spell: Mephitic Cloud
  1231 | D:2      | Learned a level 2 spell: Call Imp
  1234 | D:2      | Learned a level 2 spell: Blink
  1740 | D:2      | Reached skill level 1 in Fighting
  1805 | D:2      | Reached skill level 1 in Armour
  1918 | D:2      | You fall into a shaft and drop 1 floor!
  1966 | D:3      | Found a glowing silver altar of Zin.
  2311 | D:3      | Found an opulent altar of Gozag.
  2380 | D:3      | Reached XP level 4. HP: 25/25 MP: 3/13
  2798 | D:3      | Found Hotz's Weapon Shop.
  2811 | D:3      | Found Asuny's Assorted Antiques.
  2986 | D:4      | Noticed a scorpion
  2995 | D:4      | Killed a scorpion
  2996 | D:4      | Reached skill level 6 in Spellcasting
  2996 | D:4      | Reached XP level 5. HP: 29/29 MP: 11/15
  3080 | D:4      | Noticed Blork the orc
  3087 | D:4      | Killed Blork the orc
  3088 | D:4      | Reached skill level 1 in Poison Magic
  3226 | D:4      | Reached skill level 1 in Air Magic
  3713 | D:4      | Found an iron altar of Okawaru.
  3746 | D:5      | Entered Level 5 of the Dungeon
  3746 | D:5      | Noticed a water moccasin
  3784 | D:4      | Reached XP level 6. HP: 34/34 MP: 12/17
  3886 | D:5      | Reached skill level 7 in Spellcasting
  3886 | D:5      | Reached skill level 1 in Evocations
  4044 | D:5      | Noticed Eustachio
  4079 | D:5      | Killed Eustachio
  4080 | D:5      | Reached XP level 7. HP: 28/39 MP: 4/20
  4206 | D:5      | Found a staircase to the Ecumenical Temple.
  4213 | Temple   | Entered the Ecumenical Temple
  4237 | Temple   | Reached skill level 8 in Spellcasting
  4251 | Temple   | Became a worshipper of Vehumet
  4859 | D:5      | Reached skill level 9 in Spellcasting
  4859 | D:5      | Reached XP level 8. HP: 21/45 MP: 13/23
  5052 | D:5      | Found a hazy altar of Hepliaklqana.
  5488 | D:6      | Reached skill level 1 in Fire Magic
  5507 | D:6      | Reached skill level 5 in Conjurations
  6038 | D:6      | Reached skill level 10 in Spellcasting
  6128 | D:6      | Found a blossoming altar of Fedhas.
  6535 | D:7      | Reached * piety under Vehumet
  6535 | D:7      | Offered knowledge of Freeze by Vehumet.
  6574 | D:7      | Reached XP level 9. HP: 51/51 MP: 20/25
  6663 | D:7      | Found Toownopp's Jewellery Shoppe.
  6727 | D:7      | Noticed Joseph
  6761 | D:7      | Killed Joseph
  6762 | D:7      | Reached skill level 11 in Spellcasting
  7376 | D:7      | Reached skill level 5 in Summonings
  7802 | D:8      | Reached skill level 12 in Spellcasting
  7820 | D:8      | Offered knowledge of Shock by Vehumet.
  7821 | D:8      | Reached XP level 10. HP: 56/56 MP: 23/28
  7927 | D:8      | Noticed Pikel
  7947 | D:8      | Killed Pikel
  7948 | D:8      | Reached skill level 1 in Shields
  8129 | D:8      | Reached ** piety under Vehumet
  8130 | D:8      | Reached skill level 5 in Fire Magic
  8182 | D:8      | Noticed Grum
  8217 | D:8      | Killed Grum
  8531 | D:8      | Reached skill level 13 in Spellcasting
  8664 | D:8      | Found a transporter.
  8722 | D:8      | Found a transporter.
  8899 | D:9      | Found a transporter.
  8899 | D:9      | Found a transporter.
  8899 | D:9      | Noticed themarg's ghost (journeyman GnTm)
  9013 | D:9      | Found a stormy altar of Qazlal.
  9047 | D:9      | Offered knowledge of Hailstorm by Vehumet.
  9349 | D:9      | Reached skill level 14 in Spellcasting
  9349 | D:9      | Found a shimmering blue altar of Sif Muna.
  9530 | D:9      | Reached *** piety under Vehumet
  9576 | D:9      | Found a shimmering altar of Xom.
  9836 | D:10     | Entered Level 10 of the Dungeon
  9836 | D:10     | Noticed Snorg
  9843 | D:10     | Noticed Erica
 10017 | D:10     | Reached XP level 11. HP: 30/60 MP: 20/31
 10022 | D:10     | Killed Snorg
 10023 | D:10     | Reached skill level 1 in Necromancy
 10128 | D:10     | Killed Erica
 10450 | D:10     | Noticed a two-headed ogre
 10465 | D:10     | Killed a two-headed ogre
 10466 | D:10     | Reached skill level 15 in Spellcasting
 10519 | D:10     | Noticed a two-headed ogre
 10533 | D:10     | Killed a two-headed ogre
 10773 | D:10     | Offered knowledge of Airstrike by Vehumet.
 10779 | D:10     | Learned a level 4 spell: Airstrike
 10930 | D:10     | Found an ancient bone altar of Kikubaaqudgha.
 10947 | D:10     | Found a staircase to the Orcish Mines.
 11194 | D:10     | Found a runed translucent door.
 11272 | D:10     | Found a basalt altar of Yredelemnul.
 11653 | D:11     | Noticed Lodul
 11667 | D:11     | Killed Lodul
 11675 | D:11     | Reached **** piety under Vehumet
 12002 | D:11     | HP: 3/61 [poisoned by an orc]
 12093 | D:11     | Noticed a red ugly thing
 12127 | D:11     | Offered knowledge of Stone Arrow by Vehumet.
 12129 | D:11     | Killed a red ugly thing
 12130 | D:11     | Reached skill level 16 in Spellcasting
 12130 | D:11     | Reached XP level 12. HP: 11/66 MP: 17/34
 12134 | D:11     | Learned a level 3 spell: Stone Arrow
 12657 | D:11     | Found a staircase to the Lair.
 13070 | D:12     | Noticed a boulder beetle
 13077 | D:12     | Killed a boulder beetle
 13921 | D:13     | Noticed a centaur warrior
 13925 | D:13     | Killed a centaur warrior
 14115 | D:13     | Reached skill level 10 in Conjurations
 14121 | D:13     | Reached skill level 5 in Armour
 14352 | D:13     | Reached skill level 17 in Spellcasting
 14503 | D:13     | Identified the +6 broad axe of Lies {freeze, Will+}
 14529 | D:13     | Got Sif Muna's Lectures on the Mutated Gift
 14554 | D:13     | Identified a scroll of acquirement
 15191 | D:13     | Noticed a two-headed ogre
 15196 | D:13     | Killed a two-headed ogre
 15501 | Temple   | Acquired 1085 gold pieces
 16259 | D:14     | Noticed a two-headed ogre
 16546 | D:14     | Noticed an ogre mage
 16559 | D:14     | Killed a two-headed ogre
 16560 | D:14     | Killed an ogre mage
 16562 | D:14     | Reached ***** piety under Vehumet
 16569 | D:14     | Offered knowledge of Lightning Bolt by Vehumet.
 16664 | D:14     | Reached XP level 13. HP: 70/70 MP: 24/36
 16675 | D:14     | Reached skill level 18 in Spellcasting
 16899 | D:14     | Found a gate to the Vaults.
 17065 | D:14     | Found the +6 arbalest "Damnation" {damnation}
 17119 | D:14     | Demolished by an enormous slime creature

Illustrated notes

Levels and vault maps discovered:
D:1:      tekkud_arrival_beachfront_property, layout_loops_ring,
          hellmonk_ecumenical_altar_blasted
D:2:      layout_loops_ring
D:3:      layout_basic, mainiacjoe_overflow_concentric_impassable,
          lemuel_round_altar, serial_shops, nicolae_shop_bloodbath_and_beyond,
          nicolae_shop_advertising_works [nicolae_subvault_shop_adworks],
          hangedman_decor_riveting
D:4:      layout_gridville, kennysheep_okawaru_gauntlet, uniq_blork_the_orc
D:5:      layout_basic, nicolae_hepliaklqana_hippocampus,
          minmay_temple_entry_crystal_x, uniq_eustachio
D:6:      layout_loops_ring, marbit_many_paths
D:7:      layout_basic, serial_shops, nicolae_shop_waterfront, uniq_joseph
D:8:      gammafunk_cloud_chamber, layout_basic, uniq_pikel, uniq_grum
D:9:      layout_roguey, mainiacjoe_overflow_surrounded_room, lemuel_tele_altar,
          mainiacjoe_overflow_brackets, gammafunk_ghost_hive
D:10:     layout_rooms, dk_yredelemnul_ordeal,
          nicolae_kikubaaqudgha_miasma_corner, minmay_orc_entry_temple_small,
          dk_noncrumbling_2, minmay_fractal_squares_diagonal_5, uniq_snorg,
          uniq_erica
D:11:     layout_irregular_city, hellmonk_lair_entry_icy, uniq_lodul
D:12:     layout_basic
D:13:     layout_loops_corners, fake_guardian_serpent_vault
D:14:     layout_basic, hangedman_vaults_entry_quadrant_bands, special_room
          [special_room_orc], uniq_kirke, uniq_frances
Temple:   chequers_temple_sunken

Skill      XL: |  1  2  3  4  5  6  7  8  9 10 11 12 13 |
---------------+----------------------------------------+-----
Spellcasting   | 5 6 7 9 10 12 14 16 17 18 | 18.2
Fighting       | 1 2 3 4 |  4.0
Armour         | 1 3 4 5 6 |  6.0
Conjurations   | 2 3 4 5 6 8 9 10 | 10.8
Dodging        | 3 |  3.0
Stealth        | 3 |  3.0
Poison Magic   | 1 |  1.0
Air Magic      | 1 |  1.0
Evocations     | 2 |  2.1
Summonings     | 2 4 5 6 |  6.1
Fire Magic     | 2 4 6 8 9 |  9.7
Shields        | 3 |  3.0
Necromancy     | 2 |  2.0
Translocations | |  1.1

Action                   |  1- 3 |  4- 6 |  7- 9 | 10-12 | 13-15 || total
-------------------------+-------+-------+-------+-------+-------++-------
Melee: Dagger            |     6 |       |   136 |   234 |       ||   376
       War axe           |       |    30 |    13 |       |       ||    43
       Punch             |       |       |     3 |     8 |       ||    11
       Mace              |       |       |       |     1 |       ||     1
       Broad axe         |       |       |       |       |     3 ||     3
 Fire: Sling             |    10 |    22 |    11 |       |       ||    43
       Arbalest          |       |       |       |       |     2 ||     2
 Cast: Magic Dart        |   119 |    53 |   168 |   139 |     3 ||   482
       Call Imp          |     2 |     1 |    20 |    12 |     1 ||    36
       Mephitic Cloud    |       |    11 |    27 |    71 |     1 ||   110
       Blink             |       |       |     6 |     3 |     1 ||    10
       Airstrike         |       |       |       |    20 |     2 ||    22
       Stone Arrow       |       |       |       |   159 |    26 ||   185
Evoke: Wand              |       |       |    10 |    22 |       ||    32
  Use: Potion            |       |       |     1 |       |       ||     1
       Scroll            |       |       |       |    20 |     1 ||    21
 Stab: Confused          |       |     4 |    17 |    25 |       ||    46
       Distracted        |       |       |     1 |       |       ||     1
       Sleeping          |       |       |     1 |       |       ||     1
       Paralysed         |       |       |       |     1 |       ||     1
Armor: Robe              |     4 |    12 |    82 |    72 |       ||   170
       Leather armour    |       |       |       |    41 |    13 ||    54
Dodge: Dodged            |    16 |    29 |   130 |   189 |     9 ||   373

Table legend: (Time is in decaauts)
 A = Elapsed time spent in this place.
 B = Non-inter-level travel time spent in this place.
 C = Inter-level travel time spent in this place.
 D = Time resting spent in this place.
 E = Time spent auto-exploring this place.
 F = Levels seen in this place.
 G = Mean time per level.
                   A        B        C        D        E       F      G
               +--------+--------+--------+--------+--------+-----+--------+
         Total |  17250 |  16402 |    848 |   1161 |  12312 |  15 | 1150.0 |
       Dungeon |  16955 |  16149 |    806 |   1161 |  12140 |  14 | 1211.1 |
        Temple |    294 |    253 |     41 |      0 |    172 |   1 |  294.0 |
               +--------+--------+--------+--------+--------+-----+--------+

Top non-repeatable levels by time:
     D:5: 1570 daAuts
    D:13: 1467 daAuts
    D:10: 1456 daAuts
    D:11: 1413 daAuts
     D:9: 1306 daAuts
    D:14: 1288 daAuts
     D:7: 1235 daAuts
     D:1: 1217 daAuts
     D:6: 1160 daAuts
    D:12: 1114 daAuts
     D:8: 1054 daAuts
     D:2: 1038 daAuts
     D:4: 943 daAuts
     D:3: 687 daAuts
  Temple: 294 daAuts
